 Dungeon Crawl Stone Soup version 0.32-a0-558-g233958a4c4 (webtiles) character file.

Game seed: 1352890033656509133

118 Lauz the Covered (level 4, -1/41 HPs)
             Began as a Minotaur Fighter on Mar 1, 2024.
             Incinerated by a bombardier beetle (6 damage)
             ... with a burning spray
             ... on level 3 of the Dungeon.
             The game lasted 00:02:29 (1680 turns).

Lauz the Covered (Minotaur Fighter)                 Turns: 1680, Time: 00:02:30

Health: -1/41      AC:  8    Str: 23    XL:     4   Next: 72%
Magic:  3/3        EV:  9    Int:  5    God:
Gold:   101        SH:  4    Dex:  9    Spells: 3/3 levels left

rFire   . . .        a - +0 long sword
rCold   . . .        c - +0 buckler
rNeg    . . .        b - +0 scale mail
rPois   .            (helmet restricted)
rElec   .            (no cloak)
rCorr   .            (no gloves)
SInv    .            j - +0 pair of boots
Will    .....        (no amulet) Stlth
                     (no ring)
HPRegen 0.26/turn    (no ring)
MPRegen 0.08/turn

%: no passive effects
@: on fire, glowing
A: horns 2, retaliatory headbutt
a: no special abilities


You were on level 3 of the Dungeon.
You visited 1 branch of the dungeon, and saw 3 of its levels.

You collected 101 gold pieces.

Inventory:

Hand Weapons
 a - a +0 long sword (weapon)
Armour
 b - a +0 scale mail (worn)
 c - a +0 buckler (worn)
 j - a +0 pair of boots (worn)
 k - a +0 chain mail
Jewellery
 m - a ring of see invisible
Scrolls
 e - 4 scrolls of revelation {unknown}
 g - a scroll of enchant weapon {unknown}
 h - 2 scrolls of teleportation {unknown}
 i - a scroll of fog {unknown}
 l - a scroll of brand weapon {unknown}
Potions
 d - a potion of might
 f - a potion of degeneration {unknown}
 n - a potion of curing {unknown}


   Skills:
 + Level 4.4 Fighting
 * Level 4.3 Long Blades
 + Level 4.5 Armour
 + Level 4.1 Shields


You had 3 spell levels left.
You didn't know any spells.
Your spell library was empty.

Dungeon Overview and Level Annotations

Branches:
Dungeon (3/15)

Altars:


Innate Abilities, Weirdness & Mutations

You have a pair of horns on your head.
You reflexively headbutt those who attack you in melee.


Message History

A bombardier beetle is nearby!
The bombardier beetle sprays incendiary fluid at you.
The burning spray hits you.
You are covered in liquid fire!
You barely miss the bombardier beetle. The liquid fire burns you!
The bombardier beetle bites you.
You barely miss the bombardier beetle. The liquid fire burns you!
The bombardier beetle barely misses you.
You hit the bombardier beetle.
The bombardier beetle is moderately wounded.
The liquid fire burns you!
You hit the bombardier beetle.
The bombardier beetle is heavily wounded.
The liquid fire burns you!
The bombardier beetle sprays incendiary fluid at you.
The burning spray hits you.
You are even more covered in liquid fire!
You are too injured to fight recklessly!
You are too injured to fight recklessly!
You are too injured to fight recklessly!
You hit the bombardier beetle.
Your headbutt misses the bombardier beetle.
The bombardier beetle is severely wounded.
The liquid fire burns you!
The bombardier beetle bites you but does no damage.
You hit the bombardier beetle but do no damage.
Your headbutt misses the bombardier beetle.
The bombardier beetle is severely wounded.
The liquid fire burns you!
* * * LOW HITPOINT WARNING * * *
You shake off some of the fire as you move.
The liquid fire burns you!
* * * LOW HITPOINT WARNING * * *
The bombardier beetle sprays incendiary fluid at you.
The burning spray misses you.
You shake off some of the fire as you move.
The liquid fire burns you!
You die...

### ############ #..
...#.B....# ####
#.#####.#.### ...#
#.##........# ##.#
#.##.##.#@#.# .#.###
#.#.>.#.#......#
.....###.......###.####
.#.#..........## .#
.#†######.....# # ...#
##...## ##.###########
...##.......#
#####.......#


You could see a bombardier beetle.

Vanquished Creatures
  An iguana (D:3)
  A gnoll (D:1)
  2 adders (D:2)
  A dart slug (D:2)
  3 bats
  5 endoplasms
  5 giant cockroaches
  2 hobgoblins (D:2)
  8 jackals
  A quokka (D:2)
  7 ball pythons
  2 frilled lizards
  8 goblins
  8 kobolds
  6 rats
60 creatures vanquished.

Notes
Turn   | Place    | Note
-------+----------+-------------------------------------------
     0 | D:1      | Lauz the Minotaur Fighter began the quest for the Orb.
     0 | D:1      | Reached XP level 1. HP: 19/19 MP: 0/0
    55 | D:1      | Reached XP level 2. HP: 27/27 MP: 1/1
   355 | D:1      | Reached XP level 3. HP: 33/33 MP: 2/2
  1156 | D:2      | Reached XP level 4. HP: 41/41 MP: 3/3
  1680 | D:3      | Incinerated by a bombardier beetle

Illustrated notes

Levels and vault maps discovered:
D:1:      wander_arrival_peaceful_grave, layout_rooms, roderic_serpentine_path,
          chequers_arboretum
D:2:      minmay_diamond_boxcup, layout_basic
D:3:      layout_loops_cross, lemuel_crystal_altar

Skill      XL: |  1  2  3  4 |
---------------+-------------+-----
Fighting       | 4 |  4.4
Armour         | 4 |  4.5
Long Blades    | 3 4 |  4.3
Shields        | 4 |  4.1

Action                     |  1- 3 |  4- 6 || total
---------------------------+-------+-------++-------
  Melee: Long sword        |    91 |    34 ||   125
         Headbutt          |    11 |     6 ||    17
 Armour: Scale mail        |    64 |    26 ||    90
  Dodge: Dodged            |    41 |    16 ||    57
  Block: Buckler           |    22 |    10 ||    32

Table legend: (Time is in decaauts)
 A = Elapsed time spent in this place.
 B = Non-inter-level travel time spent in this place.
 C = Inter-level travel time spent in this place.
 D = Time resting spent in this place.
 E = Time spent auto-exploring this place.
 F = Levels seen in this place.
 G = Mean time per level.
                   A        B        C        D        E       F      G
               +--------+--------+--------+--------+--------+-----+--------+
         Total |   1712 |   1660 |     52 |     23 |   1311 |   3 |  570.7 |
       Dungeon |   1712 |   1660 |     52 |     23 |   1311 |   3 |  570.7 |
               +--------+--------+--------+--------+--------+-----+--------+

Top non-repeatable levels by time:
     D:2: 918 daAuts
     D:1: 541 daAuts
     D:3: 253 daAuts
